[Event "ICC tourney 2595 (40 10)"]
[Site "Internet Chess Club"]
[Date "2021.06.05"]
[Round "1"]
[White "KRISHNAN, ASHVATH:ashvathk5"]
[Black "LIU, BRYAN:coolcoolsugar"]
[Result "0-1"]
[ICCResult "White checkmated"]
[WhiteElo "1226"]
[BlackElo "622"]
[Opening "Sicilian: Najdorf"]
[ECO "B90"]
[NIC "SI.14"]
[Time "12:08:50"]
[PlyCount "82"]
[TimeControl "2400+10"]

1. e4 c5 2. Nf3 d6 3. d4 cxd4 4. Nxd4 Nf6 5. Nc3 a6 6. f3 e6 7. Be3 Be7 8.
Qd2 O-O 9. O-O-O d5 10. e5 Nfd7 11. f4 b5 12. g4 b4 13. Nce2 a5 14. g5 Nc5
15. h4 Ne4 16. Qe1 a4 17. Ng3 b3 18. axb3 Nxg3 19. Qxg3 a3 20. bxa3 Qa5 21.
Rd2 Qxa3+ 22. Kd1 Bb4 23. Rg2 Qb2 24. h5 Ra1+ 25. Ke2 Ba6+ 26. Kf2 Be1+ 27.
Kf3 Bxg3 28. Rxg3 Qb1 29. Bg2 Qa2 30. Rh4 Qa5 31. g6 Qe1 32. gxh7+ Kh8 33.
Rhg4 Qd1+ 34. Kf2 Nc6 35. Rxg7 Qe1+ 36. Kf3 Nxd4+ 37. Kg4 Kxg7 38. Kh4+
Kxh7 39. Bxd4 Rg8 40. h6 Qxg3+ 41. Kh5 Qg4# { White checkmated } 0-1

[Event "ICC tourney 2595 (40 10)"]
[Site "Internet Chess Club"]
[Date "2021.06.05"]
[Round "1"]
[White "VADHER, DEVAJ MAYANK:DevajVadher"]
[Black "VALISEKKAGARI, SAICHARAN:K06-16250885"]
[Result "0-1"]
[ICCResult "White checkmated"]
[WhiteElo "997"]
[BlackElo "1393"]
[Opening "Giuoco Pianissimo: Italian four knights variation"]
[ECO "C50"]
[NIC "IG.02"]
[Time "11:34:44"]
[PlyCount "134"]
[TimeControl "2400+10"]

1. e4 e5 2. Nf3 Nc6 3. Bc4 Bc5 4. Nc3 Nf6 5. d3 h6 6. h3 O-O 7. O-O d6 8.
Be3 Bb6 9. Qd2 Re8 10. Rfe1 Be6 11. Bb3 Qd7 12. Ne2 Ne7 13. Bxb6 axb6 14.
Bxe6 Qxe6 15. a3 Ng6 16. c3 Rad8 17. Rad1 d5 18. exd5 Qxd5 19. Qc2 Nh5 20.
c4 Qc6 21. b4 Nhf4 22. Nxf4 Nxf4 23. Re3 b5 24. Rde1 f6 25. c5 Qd7 26. Qb3+
Qd5 27. Qxd5+ Rxd5 28. Rd1 Red8 29. Ne1 Rd4 30. f3 Ra8 31. Nc2 Rd5 32. d4
Rad8 33. Kh2 exd4 34. Re4 d3 35. Ne3 Rd4 36. Rxd4 Rxd4 37. Kg3 Ne2+ 38. Kf2
Nc3 39. Rc1 Na4 40. Nd1 Rc4 41. Rxc4 bxc4 42. Ke3 b5 43. Kd2 Kf7 44. Ne3
Ke6 45. f4 g5 46. f5+ Ke5 47. g4 Kd4 48. Nf1 c3+ 49. Kd1 Nb2+ 50. Kc1 d2+
51. Nxd2 cxd2+ 52. Kxd2 Nc4+ 53. Kc2 Nxa3+ 54. Kd2 Nc4+ 55. Kc2 Ne5 56. Kd2
Nc6 57. Kc2 Nxb4+ 58. Kd2 Na6 59. Kc2 Nxc5 60. Kd2 b4 61. Kc1 Kc3 62. Kb1
b3 63. Kc1 Nd3+ 64. Kb1 b2 65. Ka2 Kc2 66. Ka3 b1=Q 67. Ka4 Qb4# { White
checkmated } 0-1

[Event "ICC tourney 2595 (40 10)"]
[Site "Internet Chess Club"]
[Date "2021.06.05"]
[Round "1"]
[White "YAN, RAYNA:K01-30157975"]
[Black "Chang, Linda:BairnOwl"]
[Result "0-1"]
[ICCResult "White checkmated"]
[WhiteElo "927"]
[BlackElo "1354"]
[Opening "Scandinavian: Icelandic gambit"]
[ECO "B01"]
[NIC "SD.03"]
[Time "12:17:47"]
[PlyCount "40"]
[TimeControl "2400+10"]

1. e4 d5 2. exd5 Nf6 3. c4 e6 4. dxe6 Bxe6 5. Nf3 Qe7 6. Be2 Bxc4 7. Nc3
Nc6 8. d3 O-O-O 9. O-O Nb4 10. Qa4 Ba6 11. Rd1 Kb8 12. Be3 Ng4 13. Bf4 Nxd3
14. Bxd3 Rxd3 15. Re1 Ne3 16. Bxe3 Qd8 17. Rad1 Be7 18. Rxd3 Qxd3 19. Bxa7+
Kxa7 20. Rxe7 Qf1# { White checkmated } 0-1

[Event "ICC tourney 2595 (40 10)"]
[Site "Internet Chess Club"]
[Date "2021.06.05"]
[Round "1"]
[White "MANE, ARNAV KISHOR:georgianknight"]
[Black "Smith, Graham Bradley:Smittyboy13"]
[Result "1-0"]
[ICCResult "Black checkmated"]
[WhiteElo "1396"]
[BlackElo "1043"]
[Opening "Giuoco Piano: Greco variation"]
[ECO "C54"]
[NIC "IG.02"]
[Time "12:06:41"]
[PlyCount "65"]
[TimeControl "2400+10"]

1. e4 e5 2. Nf3 Nc6 3. Bc4 Bc5 4. c3 Nf6 5. d4 exd4 6. cxd4 Bb4+ 7. Nc3
Nxe4 8. O-O Nxc3 9. bxc3 Be7 10. d5 Na5 11. Bd3 O-O 12. Qc2 h6 13. c4 Bf6
14. Bb2 Bxb2 15. Qxb2 b6 16. Rae1 d6 17. Qc3 Nb7 18. Nd4 Nc5 19. Nc6 Qg5
20. Ne7+ Kh8 21. f4 Qg4 22. Bb1 Bd7 23. h3 Qh4 24. Qc2 g6 25. Nxg6+ fxg6
26. Qxg6 Ne4 27. Bxe4 Qe7 28. Qxh6+ Kg8 29. Re3 Rf6 30. Rg3+ Kf7 31. Bg6+
Rxg6 32. Qxg6+ Kf8 33. Qg8# { Black checkmated } 1-0

[Event "ICC tourney 2595 (40 10)"]
[Site "Internet Chess Club"]
[Date "2021.06.05"]
[Round "1"]
[White "SHAMALOV, NATHAN:Nathan-Shamalov"]
[Black "DIAO, SUJIA:DiamondUnicorn"]
[Result "0-1"]
[ICCResult "White resigns"]
[WhiteElo "1191"]
[BlackElo "496"]
[Opening "Sicilian defense"]
[ECO "B33"]
[NIC "SI.32"]
[Time "12:08:51"]
[PlyCount "76"]
[TimeControl "2400+10"]

1. e4 c5 2. Nf3 Nc6 3. d4 cxd4 4. Nxd4 Nf6 5. e5 Nxe5 6. Bf4 Nc6 7. Nxc6
bxc6 8. Bd3 g6 9. O-O Bg7 10. Qd2 O-O 11. Nc3 Bb7 12. Ne4 Nxe4 13. Bxe4 d5
14. Bf3 Qd7 15. Rad1 e6 16. c4 Rad8 17. cxd5 cxd5 18. Be3 a6 19. Bc5 Rfe8
20. b4 Rc8 21. Rc1 Rc6 22. Be2 Rec8 23. Rc2 Bf8 24. Rfc1 Bxc5 25. Rxc5 Rxc5
26. Rxc5 Rxc5 27. bxc5 Qc6 28. Qa5 Kg7 29. g3 d4 30. f3 e5 31. Qd8 Qxc5 32.
Qd7 d3+ 33. Kf1 dxe2+ 34. Kxe2 Qb5+ 35. Qxb5 axb5 36. f4 exf4 37. gxf4 b4
38. Kd3 Bd5 { White resigns } 0-1

[Event "ICC tourney 2595 (40 10)"]
[Site "Internet Chess Club"]
[Date "2021.06.05"]
[Round "1"]
[White "Lee, Shan:Shanlee"]
[Black "GUAN , TSZ YEUNG:DanielGuan"]
[Result "1-0"]
[ICCResult "Black resigns"]
[WhiteElo "896"]
[BlackElo "1346"]
[Opening "Sicilian defense"]
[ECO "B32"]
[NIC "SI.32"]
[Time "12:06:42"]
[PlyCount "123"]
[TimeControl "2400+10"]

1. e4 c5 2. Nf3 Nc6 3. d4 cxd4 4. Nxd4 d6 5. Nxc6 bxc6 6. Nc3 Nf6 7. Bc4
Bg4 8. f3 Bd7 9. O-O g6 10. Bg5 Bg7 11. Qd3 O-O 12. Rfe1 Rb8 13. Rab1 Qc7
14. Qd2 Rfd8 15. Bd3 Re8 16. b3 h5 17. Bh6 Qa5 18. Bxg7 Kxg7 19. Bc4 Rbd8
20. Red1 Bc8 21. h3 Bb7 22. b4 Qb6+ 23. Qf2 d5 24. Bd3 Qxf2+ 25. Kxf2 d4
26. Ne2 e5 27. c3 dxc3 28. Nxc3 Re7 29. Na4 Rc7 30. Nc5 Rd6 31. Bc2 Rxd1
32. Rxd1 Bc8 33. Rd6 Nd7 34. Ke3 Nxc5 35. bxc5 Ba6 36. Bd3 Bc8 37. f4 exf4+
38. Kxf4 Be6 39. a3 Bb3 40. e5 Be6 41. g4 hxg4 42. hxg4 Bd5 43. Be4 Bxe4
44. Kxe4 Kf8 45. g5 Ke7 46. Rf6 Kf8 47. e6 Kg7 48. Ke5 fxe6 49. Kxe6 Rb7
50. Kd6 Rb3 51. Kxc6 Rxa3 52. Rd6 Kf7 53. Kc7 Rc3 54. c6 a5 55. Kd7 a4 56.
c7 a3 57. c8=Q Rxc8 58. Kxc8 a2 59. Ra6 Ke7 60. Rxa2 Ke6 61. Rf2 Ke5 62.
Kd7 { Black resigns } 1-0

[Event "ICC tourney 2595 (40 10)"]
[Site "Internet Chess Club"]
[Date "2021.06.05"]
[Round "1"]
[White "Yang, Leah:Leahyang0713"]
[Black "NAIR, PRANAV PRASANTH:pkcl"]
[Result "0-1"]
[ICCResult "White resigns"]
[WhiteElo "588"]
[BlackElo "1216"]
[Opening "Ruy Lopez"]
[ECO "C70"]
[NIC "RL.09"]
[Time "12:09:47"]
[PlyCount "120"]
[TimeControl "2400+10"]

1. e4 e5 2. Nf3 Nc6 3. Bb5 a6 4. Ba4 h6 5. c3 b5 6. Bc2 d6 7. h3 Nf6 8. d4
exd4 9. cxd4 Bb7 10. d5 Ne5 11. O-O Be7 12. a3 O-O 13. Nc3 Re8 14. Qe2 c6
15. Rd1 Qc7 16. Bf4 Nxf3+ 17. Qxf3 cxd5 18. exd5 Rac8 19. Rac1 Qd7 20. Bg3
Rc7 21. Bf5 Qd8 22. Rd3 a5 23. Rcd1 b4 24. Ne4 Nxd5 25. Rxd5 Bxd5 26. Rxd5
Rc1+ 27. Kh2 Qa8 28. Bxd6 Bxd6+ 29. Nxd6 Qb8 30. g3 Ree1 31. Nb7 Rh1+ 32.
Qxh1 Rxh1+ 33. Kxh1 Qxb7 34. Be4 Qe7 35. Rd4 bxa3 36. bxa3 g6 37. Ra4 Qc5
38. Kg2 Qb5 39. Rd4 Kg7 40. Rd3 a4 41. Kf3 Qh5+ 42. Kg2 Qe2 43. Re3 Qc4 44.
Kf3 g5 45. Kg4 f5+ 46. Kxf5 Qf7+ 47. Kg4 Qxf2 48. Rf3 Qe2 49. Kf5 Qb5+ 50.
Kg4 Qe5 51. Re3 Qe6+ 52. Kf3 Qxh3 53. Rc3 Qf1+ 54. Kg4 Qd1+ 55. Kf5 Qd7+
56. Ke5 Kf7 57. Rf3+ Ke7 58. Rf6 Qb5+ 59. Bd5 Qb2+ 60. Ke4 Kxf6 { White
resigns } 0-1

[Event "ICC tourney 2595 (40 10)"]
[Site "Internet Chess Club"]
[Date "2021.06.05"]
[Round "2"]
[White "Maradana, Harsha:K05-30024511"]
[Black "YAN, RAYNA:K01-30157975"]
[Result "0-1"]
[ICCResult "White checkmated"]
[WhiteElo "361"]
[BlackElo "927"]
[Opening "Bishop's opening"]
[ECO "C23"]
[NIC "IG.04"]
[Time "13:35:02"]
[PlyCount "48"]
[TimeControl "2400+10"]

1. e4 e5 2. Bc4 Nc6 3. Qf3 Nf6 4. Nc3 Bc5 5. Nd5 Be7 6. Nxf6+ Bxf6 7. Nh3
h6 8. d3 Nd4 9. Qh5 O-O 10. O-O Nxc2 11. Rb1 Nd4 12. Qg4 d5 13. Qg3 dxc4
14. Bxh6 Ne2+ 15. Kh1 Nxg3+ 16. fxg3 gxh6 17. dxc4 Bxh3 18. gxh3 Qd7 19.
Rxf6 Qxh3 20. Rbf1 Rad8 21. R6f5 Rd2 22. R1f2 Rd1+ 23. Rf1 Rxf1+ 24. Rxf1
Qxf1# { White checkmated } 0-1

[Event "ICC tourney 2595 (40 10)"]
[Site "Internet Chess Club"]
[Date "2021.06.05"]
[Round "2"]
[White "XUE, JACK:K03-17241051"]
[Black "BAI, JEFFREY:Jeffchess"]
[Result "0-1"]
[ICCResult "White checkmated"]
[WhiteElo "825"]
[BlackElo "1264"]
[Opening "French: Winawer, advance variation"]
[ECO "C16"]
[NIC "FR.09"]
[Time "13:34:47"]
[PlyCount "184"]
[TimeControl "2400+10"]

1. e4 e6 2. d4 d5 3. Nc3 Bb4 4. e5 Bxc3+ 5. bxc3 c5 6. Ba3 c4 7. Nf3 Ne7 8.
Be2 h6 9. Rb1 Nbc6 10. Bd6 Nf5 11. Ba3 Qa5 12. Bb4 Nxb4 13. cxb4 Qxa2 14.
Ra1 Qb2 15. Rb1 Qa3 16. O-O Qa4 17. b5 Bd7 18. b6 axb6 19. Ra1 Qxa1 20.
Qxa1 Rxa1 21. Rxa1 O-O 22. Rb1 b5 23. Ra1 Bc6 24. g4 Ne7 25. c3 Nc8 26. Nd2
Nb6 27. Bd1 Ra8 28. Rxa8+ Nxa8 29. f4 Nb6 30. h4 Na4 31. Nb1 g6 32. Bxa4
bxa4 33. Na3 b5 34. Kf2 Kg7 35. g5 f5 36. Ke2 h5 37. Kd2 Kf7 38. Kc2 Ke7
39. Kb2 Kd7 40. Nc2 Kc7 41. Ka3 Kb6 42. Nb4 Be8 43. Na2 Ka5 44. Nb4 Bf7 45.
Nc6+ Kb6 46. Nd8 Bg8 47. Kb4 Kc7 48. Nxe6+ Bxe6 49. Ka3 Kb6 50. Kb4 Ka6 51.
Ka3 Ka5 52. Ka2 b4 53. cxb4+ Kxb4 54. Kb2 c3+ 55. Ka2 Kc4 56. Ka3 Bd7 57.
Ka2 Kxd4 58. Kb1 Ke4 59. Kc2 d4 60. e6 Bxe6 61. Kb1 Bb3 62. Kc1 Kxf4 63.
Kb1 Kg4 64. Ka1 Kxh4 65. Kb1 Kxg5 66. Ka1 Kf4 67. Kb1 Ke3 68. Ka1 h4 69.
Kb1 h3 70. Kc1 h2 71. Kb1 h1=B 72. Ka1 Bhd5 73. Kb1 f4 74. Ka1 f3 75. Kb1
f2 76. Ka1 f1=B 77. Kb1 Bb5 78. Ka1 Bb5c4 79. Kb1 a3 80. Ka1 g5 81. Kb1 g4
82. Ka1 g3 83. Kb1 g2 84. Ka1 g1=B 85. Kb1 Bf2 86. Ka1 Bg3 87. Kb1 Be5 88.
Ka1 d3 89. Kb1 d2 90. Ka1 d1=N 91. Kb1 a2+ 92. Kc1 a1=R# { White checkmated
} 0-1

[Event "ICC tourney 2595 (40 10)"]
[Site "Internet Chess Club"]
[Date "2021.06.05"]
[Round "2"]
[White "ZENG, CALEB:calebzeng"]
[Black "PARK, JOSHUA:K05-16451732"]
[Result "1-0"]
[ICCResult "Black checkmated"]
[WhiteElo "946"]
[BlackElo "376"]
[Opening "Queen's pawn: Lundin (Kevitz-Mikenas) defense"]
[ECO "A40"]
[NIC "QO.17"]
[Time "13:34:57"]
[PlyCount "41"]
[TimeControl "2400+10"]

1. d4 Nc6 2. c4 e5 3. d5 Nd4 4. e3 Nf5 5. Bd3 d6 6. Qc2 g6 7. Ne2 c6 8. e4
Nh4 9. Nbc3 cxd5 10. cxd5 Bg4 11. Nb5 Nf6 12. Nc7+ Kd7 13. Nxa8 Qxa8 14.
Bb5+ Kd8 15. Bg5 Nxg2+ 16. Kf1 Bf3 17. Bxf6+ Be7 18. Bxh8 Nf4 19. Nxf4 exf4
20. Rc1 Bxh1 21. Qc7# { Black checkmated } 1-0

[Event "ICC tourney 2595 (40 10)"]
[Site "Internet Chess Club"]
[Date "2021.06.05"]
[Round "2"]
[White "NAIR, PRANAV PRASANTH:pkcl"]
[Black "GUERRERIO, CHRISTOPHER:K09-16206065"]
[Result "1-0"]
[ICCResult "Black resigns"]
[WhiteElo "1216"]
[BlackElo "530"]
[Opening "Giuoco Pianissimo"]
[ECO "C50"]
[NIC "IG.02"]
[Time "13:34:45"]
[PlyCount "37"]
[TimeControl "2400+10"]

1. e4 e5 2. Nf3 Nc6 3. Bc4 Bc5 4. d3 Nf6 5. O-O d6 6. h3 Be6 7. Bb3 O-O 8.
Nc3 a6 9. Bg5 h6 10. Bh4 d5 11. Bxf6 gxf6 12. exd5 Bd7 13. dxc6 Bxc6 14.
Ne4 Bb6 15. Nh4 Bd7 16. Qf3 Kg7 17. Nf5+ Kh7 18. Qh5 Bxf5 19. Qxf5+ { Black
resigns } 1-0

[Event "ICC tourney 2595 (40 10)"]
[Site "Internet Chess Club"]
[Date "2021.06.05"]
[Round "2"]
[White "IGNATENKO, TIMOTHY:Timothy233"]
[Black "KRISHNAN, ASHVATH:ashvathk5"]
[Result "0-1"]
[ICCResult "White resigns"]
[WhiteElo "779"]
[BlackElo "1226"]
[Opening "Giuoco Pianissimo"]
[ECO "C55"]
[NIC "IG.01"]
[Time "13:35:00"]
[PlyCount "84"]
[TimeControl "2400+10"]

1. e4 e5 2. Nf3 Nc6 3. Bc4 Nf6 4. d3 Bc5 5. b4 Bxb4+ 6. c3 Bc5 7. d4 exd4
8. cxd4 Bb4+ 9. Bd2 Bxd2+ 10. Qxd2 d6 11. h3 O-O 12. O-O Nxe4 13. Qc2 Nf6
14. d5 Ne7 15. Nc3 Ng6 16. Rfe1 Nd7 17. Bb5 Nc5 18. Ne4 Nxe4 19. Qxe4 a6
20. Be8 Bxh3 21. gxh3 Rxe8 22. Qb4 b6 23. Kf1 Qf6 24. Nd4 a5 25. Qb5 Rxe1+
26. Rxe1 Qxd4 27. Qc6 Rf8 28. Qxc7 Qd3+ 29. Re2 Nf4 30. Qc2 Qxe2+ 31. Qxe2
Nxe2 32. Kxe2 Re8+ 33. Kd2 Re5 34. f3 Rxd5+ 35. Ke2 Rh5 36. Kf2 Rxh3 37.
Kg2 Rh5 38. Kg3 Rb5 39. f4 d5 40. Kg4 d4 41. f5 d3 42. Kg5 f6+ { White
resigns } 0-1

[Event "ICC tourney 2595 (40 10)"]
[Site "Internet Chess Club"]
[Date "2021.06.05"]
[Round "2"]
[White "Lee, Shan:Shanlee"]
[Black "CHANDRA, MAURYA:maurya18"]
[Result "1-0"]
[ICCResult "Black resigns"]
[WhiteElo "896"]
[BlackElo "1269"]
[Opening "Sicilian"]
[ECO "B50"]
[NIC "SI.01"]
[Time "13:34:55"]
[PlyCount "81"]
[TimeControl "2400+10"]

1. e4 c5 2. Nf3 d6 3. Nc3 Nc6 4. d3 Nf6 5. Bg5 e6 6. Be2 Be7 7. O-O h6 8.
Bh4 O-O 9. d4 cxd4 10. Nxd4 Nxd4 11. Qxd4 e5 12. Qd2 Be6 13. Bf3 Nxe4 14.
Nxe4 Bxh4 15. Qxd6 Qxd6 16. Nxd6 Rab8 17. Nxb7 Bc8 18. Nd6 Rxb2 19. Nxc8
Rxc8 20. Be4 g6 21. Rfb1 Rxb1+ 22. Rxb1 f5 23. Bd5+ Kf8 24. c4 Rc7 25. Rb8+
Ke7 26. Rh8 h5 27. Rh7+ Kd6 28. Rxc7 Kxc7 29. Kf1 Kb6 30. Ke2 Be7 31. Ke3
Bc5+ 32. Ke2 g5 33. Be6 f4 34. Bf7 h4 35. f3 Ka5 36. Kd3 Kb4 37. Ke4 Ka3
38. Kd5 Be7 39. c5 Kb4 40. c6 Kb5 41. c7 { Black resigns } 1-0

[Event "ICC tourney 2595 (40 10)"]
[Site "Internet Chess Club"]
[Date "2021.06.05"]
[Round "2"]
[White "Sun, Nathan Haojia:nathansun123"]
[Black "VESVAL, THOMAS:Goofymammoth"]
[Result "0-1"]
[ICCResult "White checkmated"]
[WhiteElo "794"]
[BlackElo "1245"]
[Opening "Sicilian: accelerated fianchetto, exchange variation"]
[ECO "B34"]
[NIC "SI.33"]
[Time "13:34:52"]
[PlyCount "90"]
[TimeControl "2400+10"]

1. e4 c5 2. Nf3 Nc6 3. d4 cxd4 4. Nxd4 g6 5. Nxc6 bxc6 6. Nc3 Bg7 7. Bd2
Nf6 8. Bd3 d5 9. exd5 cxd5 10. Bb5+ Bd7 11. Bxd7+ Qxd7 12. O-O O-O 13. Rb1
Rfd8 14. b3 Qc7 15. Nb5 Qd7 16. a4 a6 17. Nc3 Qc7 18. Rc1 h5 19. Re1 Ng4
20. f4 Bxc3 21. Bxc3 Qxc3 22. h3 Qc5+ 23. Kh1 Nf2+ 24. Kh2 Nxd1 25. Rexd1
Qf2 26. Rf1 Qc5 27. Rfe1 e6 28. c4 Rac8 29. Kg3 dxc4 30. Rxc4 Qa3 31. Rxc8
Qxb3+ 32. Kf2 Rxc8 33. Re3 Rc3 34. Re1 Qb2+ 35. Re2 Rc2 36. Rxc2 Qxc2+ 37.
Ke1 Qxa4 38. g3 Qc2 39. g4 a5 40. gxh5 gxh5 41. f5 exf5 42. h4 a4 43. Kf1
a3 44. Ke1 a2 45. Kf1 a1=Q# { White checkmated } 0-1

[Event "ICC tourney 2595 (40 10)"]
[Site "Internet Chess Club"]
[Date "2021.06.05"]
[Round "2"]
[White "GUAN , TSZ YEUNG:DanielGuan"]
[Black "YIN, HAOXUAN:haoxuanyin"]
[Result "1-0"]
[ICCResult "Black checkmated"]
[WhiteElo "1346"]
[BlackElo "776"]
[Opening "QGD: Tarrasch defense"]
[ECO "D32"]
[NIC "TD.10"]
[Time "13:34:52"]
[PlyCount "71"]
[TimeControl "2400+10"]

1. d4 e6 2. c4 d5 3. Nc3 c5 4. e3 Nc6 5. Nf3 Nge7 6. dxc5 Nf5 7. cxd5 exd5
8. Qxd5 Qxd5 9. Nxd5 Rb8 10. b4 b6 11. Bb5 Bd7 12. cxb6 axb6 13. a3 Ra8 14.
Nc7+ Kd8 15. Nxa8 Bd6 16. Nxb6 g6 17. Nxd7 Kxd7 18. Bb2 Re8 19. Rc1 Rc8 20.
Be5 Bxe5 21. Bxc6+ Kd6 22. Nxe5 Kxe5 23. f4+ Kd6 24. b5 Ne7 25. O-O Nxc6
26. Rxc6+ Rxc6 27. bxc6 Kxc6 28. Rb1 Kc7 29. a4 Kc6 30. a5 Kd7 31. a6 Ke6
32. a7 Kf6 33. a8=Q Kg7 34. Qc6 Kh6 35. Qf6 Kh5 36. Qg5# { Black checkmated
} 1-0

[Event "ICC tourney 2595 (40 10)"]
[Site "Internet Chess Club"]
[Date "2021.06.05"]
[Round "2"]
[White "Coffey, Damon L:clammer"]
[Black "JOSHI, AADIT KRISHNA:adeetiey"]
[Result "1-0"]
[ICCResult "Black checkmated"]
[WhiteElo "1372"]
[BlackElo "179"]
[Opening "English: Sicilian reversed"]
[ECO "A25"]
[NIC "EO.20"]
[Time "13:34:51"]
[PlyCount "51"]
[TimeControl "2400+10"]

1. c4 Nc6 2. Nc3 e5 3. g3 Nf6 4. Bg2 Bc5 5. e3 O-O 6. Nge2 d6 7. f3 Nh5 8.
d3 Be6 9. g4 Nf6 10. O-O d5 11. Kh1 d4 12. exd4 exd4 13. Ne4 Nxe4 14. dxe4
Bd6 15. Nxd4 Nxd4 16. Qxd4 Qh4 17. f4 Bxg4 18. Be3 Bh3 19. e5 Bxg2+ 20.
Kxg2 Qg4+ 21. Kh1 Be7 22. Rg1 Qf3+ 23. Rg2 Rad8 24. Qc3 Rde8 25. e6 fxe6
26. Qxg7# { Black checkmated } 1-0

[Event "ICC tourney 2595 (40 10)"]
[Site "Internet Chess Club"]
[Date "2021.06.05"]
[Round "2"]
[White "Xiao, Michael:michaelxiao"]
[Black "GU, THOMAS:thomasguchess"]
[Result "0-1"]
[ICCResult "White checkmated"]
[WhiteElo "1325"]
[BlackElo "639"]
[Opening "Four knights: Italian variation"]
[ECO "C55"]
[NIC "IG.01"]
[Time "13:34:53"]
[PlyCount "98"]
[TimeControl "2400+10"]

1. e4 e5 2. Nf3 Nc6 3. Bc4 Nf6 4. Nc3 Nxe4 5. Nxe4 d5 6. Bd3 dxe4 7. Bxe4
Be7 8. O-O O-O 9. b3 Bg4 10. h3 Bh5 11. Qe1 Nd4 12. Nxe5 Be2 13. Bb2 Bxf1
14. Bxd4 Qxd4 15. Bxb7 Rae8 16. Nc6 Qb6 17. Nxe7+ Kh8 18. Qxf1 Rxe7 19. Bf3
Qd4 20. d3 Rfe8 21. Be4 Qc3 22. Qd1 f5 23. Rb1 fxe4 24. dxe4 Rxe4 25. Kf1
Rd4 26. Qh5 Rde4 27. Kg1 Re1+ 28. Rxe1 Rxe1+ 29. Kh2 Qe5+ 30. Qxe5 Rxe5 31.
g4 Re2 32. Kg3 Rxc2 33. f4 Rxa2 34. h4 Ra3 35. g5 Rxb3+ 36. Kg4 g6 37. h5
gxh5+ 38. Kxh5 Rb5 39. Kg4 Kg7 40. f5 a5 41. f6+ Kf7 42. Kh5 a4 43. Kh6 a3
44. Kxh7 a2 45. g6+ Kxf6 46. g7 Rg5 47. g8=Q Rxg8 48. Kxg8 a1=Q 49. Kf8
Qa8# { White checkmated } 0-1

[Event "ICC tourney 2595 (40 10)"]
[Site "Internet Chess Club"]
[Date "2021.06.05"]
[Round "2"]
[White "AUTRY, BRUCE CLEVELAND:Celtruler"]
[Black "JACKSON, MASSIMO MATEO:Yeetamus123"]
[Result "0-1"]
[ICCResult "White checkmated"]
[WhiteElo "1097"]
[BlackElo "1355"]
[Opening "Sicilian defense"]
[ECO "B30"]
[NIC "SI.31"]
[Time "13:34:46"]
[PlyCount "98"]
[TimeControl "2400+10"]

1. e4 c5 2. Nf3 Nc6 3. Bd3 g6 4. O-O Bg7 5. c3 d5 6. exd5 Qxd5 7. Be4 Qxe4
8. Re1 Qd5 9. d3 Bf5 10. Re3 Bh6 11. Re2 Qxd3 12. Qxd3 Bxd3 13. Re1 Bxc1
14. Rxc1 Bxb1 15. Raxb1 O-O-O 16. Ng5 Nh6 17. h3 Rd5 18. Ne4 Rhd8 19. Kh2
f5 20. Ng5 b6 21. Nxh7 Rd2 22. Rf1 Re2 23. Ng5 Rdd2 24. Nf3 Rxb2 25. Rxb2
Rxb2 26. a4 Ra2 27. Nh4 g5 28. Ng6 Rxa4 29. Nf8 Re4 30. Nh7 g4 31. Ng5 Re5
32. h4 a5 33. g3 a4 34. Ra1 b5 35. Nh7 Re2 36. Kg2 Rc2 37. Ra3 Ne5 38. Nf8
Nc4 39. Ra1 Rxc3 40. Ne6 Nd2 41. Rd1 Rc2 42. h5 a3 43. Ra1 a2 44. Nf4 Nb3
45. Rd1 a1=Q 46. Rd5 Rc1 47. Ne2 Rh1 48. Rd1 Qxd1 49. Ng1 Qxg1# { White
checkmated } 0-1

[Event "ICC tourney 2595 (40 10)"]
[Site "Internet Chess Club"]
[Date "2021.06.05"]
[Round "2"]
[White "NAMBIAR, AARAV THILOP:AaravThilop"]
[Black "KALAGA, ASHISH:amazingashishk"]
[Result "1-0"]
[ICCResult "Black checkmated"]
[WhiteElo "1450"]
[BlackElo "1165"]
[Opening "Sicilian: Nimzovich-Rossolimo attack (without ...d6)"]
[ECO "B30"]
[NIC "SI.31"]
[Time "13:34:55"]
[PlyCount "121"]
[TimeControl "2400+10"]

1. e4 c5 2. Nf3 Nc6 3. Bb5 Nf6 4. e5 Nd5 5. O-O g6 6. c3 Bg7 7. d4 O-O 8.
Re1 cxd4 9. cxd4 d6 10. Bxc6 bxc6 11. exd6 Qxd6 12. Nc3 Bg4 13. Be3 Bxf3
14. Qxf3 Nxe3 15. fxe3 c5 16. Ne4 Qb6 17. Nxc5 Qxb2 18. Qe2 Qb6 19. Nd7 Qd6
20. Nxf8 Rxf8 21. Rab1 e5 22. dxe5 Qxe5 23. Qb5 Qe4 24. Qb3 Be5 25. g3 a5
26. Rf1 a4 27. Qa3 Kg7 28. Rb4 Qc2 29. Qxa4 Qd3 30. Rb3 Bc3 31. Rxc3 Qxc3
32. Qd4+ Qxd4 33. exd4 Ra8 34. Ra1 Ra4 35. d5 Kf6 36. Kf2 Ke5 37. a3 Kxd5
38. Ke3 f5 39. Kd3 g5 40. Kc3 Kc5 41. Kb3 Kb5 42. Re1 Re4 43. Rxe4 fxe4 44.
Kc3 h5 45. Kd4 h4 46. Kxe4 Ka4 47. Kf5 Kxa3 48. Kxg5 Kb4 49. Kxh4 Kc5 50.
Kg5 Kd6 51. Kf6 Kd5 52. g4 Ke4 53. g5 Kf4 54. g6 Kf3 55. g7 Kg2 56. g8=Q+
Kxh2 57. Kf5 Kh3 58. Kf4 Kh2 59. Qg5 Kh1 60. Kf3 Kh2 61. Qg2# { Black
checkmated } 1-0

[Event "ICC tourney 2595 (40 10)"]
[Site "Internet Chess Club"]
[Date "2021.06.05"]
[Round "2"]
[White "SARAVANAN, ARYA:aryasaravanan"]
[Black "Rai, Vedant:VedantRai"]
[Result "1-0"]
[ICCResult "Black resigns"]
[WhiteElo "1240"]
[BlackElo "764"]
[Opening "Scotch: Potter variation"]
[ECO "C45"]
[NIC "SO.05"]
[Time "13:35:38"]
[PlyCount "77"]
[TimeControl "2400+10"]

1. e4 e5 2. Nf3 Nc6 3. d4 exd4 4. Nxd4 Bc5 5. Nb3 Bb6 6. Nc3 Nf6 7. Qe2 O-O
8. Bg5 h6 9. Be3 Bxe3 10. Qxe3 d6 11. f3 a6 12. O-O-O Be6 13. Be2 Bxb3 14.
axb3 Re8 15. g4 Ne7 16. g5 hxg5 17. Qxg5 Nh7 18. Qg3 Ng6 19. h4 Qf6 20. Nd5
Qd8 21. h5 Ne5 22. Rdg1 g5 23. hxg6 fxg6 24. Qh3 Re7 25. Nxe7+ Qxe7 26.
Bc4+ Kh8 27. Rg2 Nxc4 28. bxc4 Rg8 29. Rgh2 Rg7 30. Qc8+ Rg8 31. Rxh7+ Qxh7
32. Rxh7+ Kxh7 33. Qxc7+ Rg7 34. Qxd6 Kh6 35. e5 Kg5 36. e6 Rh7 37. e7 Rh1+
38. Kd2 Rh2+ 39. Qxh2 { Black resigns } 1-0

[Event "ICC tourney 2595 (40 10)"]
[Site "Internet Chess Club"]
[Date "2021.06.05"]
[Round "2"]
[White "GUAN, MARIE:marieplaychess"]
[Black "Zong, Ivan:ivanzong"]
[Result "0-1"]
[ICCResult "White checkmated"]
[WhiteElo "951"]
[BlackElo "1300"]
[Opening "French: advance, Euwe variation"]
[ECO "C02"]
[NIC "FR.03"]
[Time "13:35:17"]
[PlyCount "64"]
[TimeControl "2400+10"]

1. e4 e6 2. d4 d5 3. e5 c5 4. c3 Nc6 5. Nf3 Bd7 6. Nbd2 Qb6 7. Nb3 f6 8.
Bd3 c4 9. exf6 Nxf6 10. Nc5 cxd3 11. Nxd3 Bd6 12. O-O O-O 13. b3 Ne4 14. c4
Nxd4 15. c5 Bxc5 16. Nxc5 Nxf3+ 17. gxf3 Nxc5 18. Qd4 Nxb3 19. Qxb6 axb6
20. Rb1 Nxc1 21. Rfxc1 Rxf3 22. Rxb6 Bc6 23. Kg2 Rf5 24. Rc2 d4+ 25. Kf1
Bb5+ 26. Kg2 Rg5+ 27. Kh3 Ra3+ 28. Kh4 h6 29. Rc8+ Kh7 30. Rxe6 Bd7 31.
Rxh6+ gxh6 32. Rc7 Rh3# { White checkmated } 0-1